 Dungeon Crawl Stone Soup version 0.24-a0-696-gd18775d (webtiles) character file.

41346 OgrelordShrek the Fencer (level 13, -5/119 HPs)
             Began as a Green Draconian Berserker on Nov 17, 2017.
             Was a High Priest of Trog.
             Splashed by an oklob plant's acid (10 damage)
             ... on level 6 of the Lair of Beasts on Nov 19, 2020.
             The game lasted 01:50:20 (27806 turns).

OgrelordShrek the Fencer (DrBe)                    Turns: 27806, Time: 01:50:21

Health: -5/119     AC: 10    Str: 23    XL:     13   Next: 79%
Magic:  13/13      EV: 17    Int:  7    God:    Trog [*****.]
Gold:   1075       SH:  4    Dex: 13    Spells: 12/12 levels left

rFire    . . .     SeeInvis +   a - +0 great sword (drain)
rCold    . . .     Gourm    .   (shield currently unavailable)
rNeg     . . .     Faith    .   (armour unavailable)
rPois    +         Spirit   .   r - +1 hat
rElec    .         Reflect  +   A - +2 cloak
rCorr    .         Harm     .   (no gloves)
MR       .....     Rnd*Rage +   N - +0 pair of boots (curse)
Stlth    +++.......             p - +4 amulet of reflection
HPRegen  0.29/turn              J - +1 ring of protection
MPRegen  0.13/turn              G - ring of see invisible

@: lethally poisoned (-5 -> -15), corroded
A: breathe noxious fumes, unfitting armour, horns 1, stinger 1, berserk 1,
poison resistance, cold-blooded, AC +8
a: Breathe Noxious Fumes, Berserk, Trog's Hand, Brothers in Arms, Renounce
Religion


You were on level 6 of the Lair of Beasts.
You worshipped Trog.
Trog was extremely pleased with you.
You were not hungry.

You visited 2 branches of the dungeon, and saw 14 of its levels.
You also visited: Ossuary.

You collected 1231 gold pieces.
You spent 156 gold pieces at shops.

Inventory:

Hand Weapons
 a - a +0 great sword of draining (weapon)
 b - a +1 scimitar of flaming
Armour
 r - a +1 hat (worn)
 A - a +2 cloak (worn)
 N - a cursed +0 pair of boots (worn)
Jewellery
 d - an uncursed ring of positive energy
 i - an uncursed ring of ice
 p - a +4 amulet of reflection (around neck)
 G - a ring of see invisible (right hand)
 J - a +1 ring of protection (left hand)
Wands
 q - a wand of random effects (6)
 s - a wand of disintegration
 u - a wand of flame (44)
 v - a wand of acid (5)
 w - a wand of random effects (20)
 z - a wand of acid (9)
 C - a wand of flame (9)
 E - a wand of acid (5)
 H - a wand of removedness (8)
 K - a wand of disintegration (8)
 L - a wand of scattershot (3)
 M - a wand of random effects (27)
 O - a wand of enslavement (8)
Scrolls
 h - 7 scrolls of remove curse
 k - 2 scrolls of magic mapping
 l - a scroll of summoning
 n - 4 scrolls of fog
 y - 3 scrolls of teleportation
 F - 3 scrolls of removedness
 I - 2 scrolls of brand weapon
Potions
 c - 3 potions of brilliance
 e - 4 potions of curing
 m - 6 potions of flight
 o - a potion of resistance
 x - a potion of might
 B - a potion of cancellation
 D - a potion of agility
Miscellaneous
 g - a lightning rod (4/4)
Comestibles
 f - 2 rations
 j - 2 rations
 t - 5 rations


   Skills:
 + Level 12.6 Fighting
 + Level 16.7 Long Blades
 + Level 9.5 Dodging
 + Level 6.5 Stealth
   Level 3.8 Shields
 + Level 0.7 Evocations


You had 12 spell levels left.
You didn't know any spells.
Your spell library was empty.

Dungeon Overview and Level Annotations

Branches:
Dungeon (8/15)             Temple (0/1) D:7            Lair (6/6) D:8
 Shoals (0/4) Lair:4       Spider (0/4) Lair:4        Slime (0/5) Lair:5

Altars:
Cheibriados
Dithmenos
Makhleb
Sif Muna
Lugonu

Shops:
D:4 (

Portals:
Hell: Lair:6

Annotations:
Lair:1 exclusion: oklob plant
Lair:5 exclusion: oklob plant
Lair:6 exclusion: oklob plant


Innate Abilities, Weirdness & Mutations

You can breathe blasts of noxious fumes.
Your lurid green scales are hard. (AC +8)
You cannot fit into any form of body armour.
Your system is resistant to poisons. (rPois)
You are cold-blooded and may be slowed by cold attacks.
You have a pair of small horns on your head.
Your tail ends in a poisonous barb.
You tend to lose your temper in combat.


Message History

Really walk into a travel-excluded area? [Y]es or [N]o only, please.
Really walk into a travel-excluded area? [Y]es or [N]o only, please.
Really walk into a travel-excluded area? [Y]es or [N]o only, please.
Really walk into a travel-excluded area?
The orange demon stings you from afar.
You take 6 damage, and have 113/119 hp.
The orange demon stings you but does no damage.
The orange demon stings you from afar. The orange demon barely misses you.
The oklob plant spits acid at you. The splash of acid hits you!
You are splashed with acid!
You take 28 damage, and have 86/119 hp.
MASSIVE DAMAGE!!
You block the orange demon's attack. The oklob plant spits acid at you.
The splash of acid hits you. The acid corrodes you!
You are splashed with acid!
* * * LOW HITPOINT WARNING * * *
You take 18 damage, and have 69/119 hp.
The orange demon stings you from afar!
* * * LOW HITPOINT WARNING * * *
The oklob plant spits acid at you. The splash of acid hits you!
* * * LOW HITPOINT WARNING * * *
You are splashed with acid.
* * * LOW HITPOINT WARNING * * *
The oklob plant spits acid at you. The splash of acid hits you.
* * * LOW HITPOINT WARNING * * *
You are splashed with acid!
* * * LOW HITPOINT WARNING * * *
You take 34 damage, and have 35/119 hp.
MASSIVE DAMAGE!!
The oklob plant spits acid at you. The splash of acid hits you.
* * * LOW HITPOINT WARNING * * *
You are splashed with acid!
* * * LOW HITPOINT WARNING * * *
You take 18 damage, and have 17/119 hp.
You slice the oklob plant!! The orange demon stings you from afar.
* * * LOW HITPOINT WARNING * * *
You are poisoned.
The orange demon poisons you!
You take 2 damage, and have 15/119 hp.
You hit the oklob plant.
You headbutt the oklob plant, but do no damage.
You feel sick. The orange demon stings you from afar.
* * * LOW HITPOINT WARNING * * *
You take 7 damage, and have 8/119 hp.
You hit the oklob plant. You headbutt the oklob plant.
You tail-slap the oklob plant, but do no damage.
* * * LOW HITPOINT WARNING * * *
You feel sick. The orange demon barely misses you.
The oklob plant spits acid at you. The splash of acid hits you.
* * * LOW HITPOINT WARNING * * *
You are splashed with acid!
You die...

#######..........................
.(..#...........................#
[.................)..............
.................................
.................................
..................[..............
..........##.....................
..........###..#.........#.......
......P.### ####@.4..............
........## #.P................
........P######..................
.###.######.P....................
## ### #....P..................
####.#####..#....................
..#......#.#.....................
.................................
..♣♣......♣♣...♣.....♣♣.♣♣.......


You could see an oklob plant and an orange demon.

Vanquished Creatures
  Snorg (Lair:5)
  8 hydras
  Fannar (Lair:1)
  Erica (D:7)
  3 death yaks (Lair:6)
  A sixfirhy (Lair:6)
  Pikel (D:7)
  A wizard (Lair:6)
  4 oklob plants (Lair:3)
  4 elephants (Lair:3)
  8 black mambas
  An orange demon (Lair:6)
  12 spiny frogs
  A torpor snail (Lair:5)
  4 rime drakes (Lair:6)
  5 komodo dragons
  2 ice devils (Lair:4)
  2 polar bears
  A snapping turtle (Lair:4)
  4 hippogriffs
  7 dream sheep
  15 blink frogs
  4 wyverns (Lair:6)
  21 yaks
  2 basilisks
  Grum (Lair:1)
  7 porcupines
  4 hell hounds (Lair:6)
  14 water moccasins
  3 ice beasts
  A hornet zombie (D:7)
  A sky beast (D:7)
  4 slaves (D:7)
  A black bear (D:8)
  6 orc warriors
  4 wolves
  6 ogres
  6 centaurs
  9 crocodiles
  7 bullfrogs
  A water moccasin zombie (D:6)
  A scorpion (D:4)
  3 killer bees (D:7)
  4 wights (D:7)
  4 electric eels
  A howler monkey (D:5)
  3 crimson imps
  3 centaur zombies
  5 hounds
  8 orc priests
  3 iguanas
  8 orc wizards
  Natasha (thrice) (D:2)
  8 worker ants
  A big kobold zombie (Ossuary)
  A hound skeleton (D:8)
  2 mummies (Ossuary)
  A worker ant zombie (D:6)
  2 howler monkey skeletons
  10 adders
  3 gnolls (D:4)
  A shadow imp (D:8)
  An adder skeleton (D:5)
  2 worms
  3 dart slugs
  5 leopard geckos
  34 orcs
  9 giant cockroaches
  6 hobgoblins
  15 jackals
  10 kobolds
  7 quokkas
  3 ball pythons
  5 bats
  3 frilled lizards
  4 gnoll zombies (Ossuary)
  8 goblins
  4 goblin zombies (Ossuary)
  A hobgoblin zombie (Ossuary)
  A leopard gecko skeleton (D:4)
  A leopard gecko zombie (D:7)
  3 orc zombies (Ossuary)
  A quokka zombie (D:6)
  10 rats
  A bush (Lair:3)
  A fungus (Lair:4)
  10 plants
412 creatures vanquished.

Vanquished Creatures (collateral kills)
  Joseph (D:8)
  An orange demon (Lair:6)
  A komodo dragon (D:8)
  2 red devils (Lair:6)
  An ice devil (Lair:6)
  A hellwing (Lair:6)
  2 yaks (Lair:1)
  A crimson imp (D:8)
10 creatures vanquished.

Vanquished Creatures (others)
  A porcupine (Lair:3)
  An orc (D:8)
  8 fungi
  4 plants
14 creatures vanquished.

Grand Total: 436 creatures vanquished

Notes
Turn   | Place    | Note
-------+----------+-------------------------------------------
     0 | D:1      | OgrelordShrek the Draconian Berserker began the quest for
                  | the Orb.
     0 | D:1      | Reached XP level 1. HP: 19/19 MP: 1/1
     0 | D:1      | Laraso: that was unfortunate
     0 | D:1      | OgrelordShrek: Yep
     0 | D:1      | OgrelordShrek: I had no clue what that thing was
     0 | D:1      | OgrelordShrek: I thought it was another chump
     0 | D:1      | Laraso: the orc priest summoned him
     0 | D:1      | Laraso: he's a mid-tier demon
    72 | D:1      | Laraso: when berserk wears off it's super extra important
                  | to rest until the slow wears out
    84 | D:1      | Laraso: or else that happens
    94 | D:1      | OgrelordShrek: Okay
    94 | D:1      | OgrelordShrek: So I was only playing stone soup while
                  | waiting for people
    94 | D:1      | OgrelordShrek: So I'll come back to it inbetween down time
                  | but I'm gonna play a match of league
    94 | D:1      | Laraso: ok
   111 | D:1      | HP: 6/19 [goblin (2)]
   114 | D:1      | Reached XP level 2. HP: 8/26 MP: 2/2
   546 | D:1      | Reached skill level 3 in Dodging
   843 | D:1      | Reached XP level 3. HP: 33/33 MP: 3/3
  1041 | D:2      | Reached ** piety under Trog
  1438 | D:2      | Reached XP level 4. HP: 29/40 MP: 4/4
  1551 | D:2      | Noticed Natasha
  1559 | D:2      | Killed Natasha
  1559 | D:2      | Reached skill level 4 in Fighting
  1559 | D:2      | Reached skill level 4 in Long Blades
  1705 | D:2      | Noticed Natasha
  1726 | D:2      | Killed Natasha
  1733 | D:2      | Noticed Natasha
  1744 | D:2      | HP: 13/40 [Natasha/magic dart (10)]
  1746 | D:2      | HP: 5/40 [Natasha (8)]
  2030 | D:2      | Killed Natasha
  2030 | D:2      | Reached XP level 5. HP: 46/46 MP: 5/5
  2769 | D:3      | Reached skill level 1 in Shields
  3285 | D:4      | Reached *** piety under Trog
  3294 | D:4      | Reached XP level 6. HP: 30/52 MP: 6/6
  3461 | D:4      | HP: 17/52 [orc priest/trident (4)]
  3469 | D:4      | HP: 16/52 [quokka (1)]
  3476 | D:3      | Reached skill level 2 in Shields
  3715 | D:3      | Reached skill level 5 in Long Blades
  3880 | D:4      | HP: 31/79 [orc wizard/puff of flame (9)]
  3885 | D:4      | HP: 17/55 [something (4)]
  4107 | D:4      | Reached skill level 5 in Fighting
  4107 | D:4      | Reached skill level 4 in Dodging
  4250 | D:4      | Your scales start taking on a lurid green colour.
  4250 | D:4      | Reached XP level 7. HP: 61/61 MP: 7/7
  4250 | D:4      | Gained mutation: Your system is resistant to poisons.
                  | (rPois) [Green Draconian growth]
  4568 | D:4      | Found Dimerohi's Antique Weapon Emporium.
  4833 | D:4      | Reached skill level 3 in Shields
  5124 | D:4      | Found a deep blue altar of Sif Muna.
  5322 | D:5      | Entered Level 5 of the Dungeon
  5399 | D:5      | Reached skill level 1 in Stealth
  5713 | D:4      | Bought a great sword for 156 gold pieces
  5879 | D:5      | Reached skill level 6 in Long Blades
  6484 | D:6      | Reached XP level 8. HP: 66/69 MP: 8/8
  6488 | D:6      | Reached **** piety under Trog
  6589 | D:6      | Found a sand-covered staircase.
  6593 | D:6      | HP: 20/69 [centaur/arrow (12)]
  6594 | Ossuary  | Entered an ossuary
  7298 | D:6      | Reached skill level 7 in Long Blades
  7556 | D:6      | OgrelordShrek: Do green dragons automatically get
                  | resistance to poisons?
  7590 | D:6      | OgrelordShrek: Can drags evolve any further like
                  | demonspawn?
  7913 | D:6      | Reached skill level 6 in Fighting
  7928 | D:6      | HP: 22/70 [orc warrior/mace (11)]
  8144 | D:6      | Reached skill level 5 in Dodging
  8193 | D:6      | Reached skill level 8 in Long Blades
  8642 | D:6      | OgrelordShrek: Btw
  8642 | D:6      | OgrelordShrek: What's the point in going into that shifting
                  | sands area?
  8642 | D:6      | OgrelordShrek: Just to get the gold?
  8838 | D:7      | OgrelordShrek: I was just a bit disappointed
  8838 | D:7      | OgrelordShrek: I figured it would have some really good
                  | loot because it was timed
  8850 | D:7      | Reached XP level 9. HP: 69/78 MP: 9/9
  9374 | D:7      | Noticed Pikel
  9398 | D:7      | Killed Pikel
  9398 | D:7      | Reached skill level 7 in Fighting
  9398 | D:7      | Reached skill level 9 in Long Blades
  9492 | D:7      | Reached skill level 2 in Stealth
  9525 | D:7      | Reached ***** piety under Trog
  9557 | D:7      | Reached skill level 10 in Long Blades
  9727 | D:7      | HP: 25/79 [centaur/arrow (10)]
  9932 | D:7      | Found a staircase to the Ecumenical Temple.
  9957 | D:7      | OgrelordShrek: Sorry those wizards and priests gave me PTSD
 10384 | D:8      | Found a corrupted altar of Lugonu.
 10384 | D:8      | Noticed a hell beast
 10384 | D:8      | Noticed a rust devil
 10384 | D:8      | Noticed an orange demon
 10384 | D:8      | Noticed a rust devil
 10385 | D:8      | OgrelordShrek: Uh....
 10517 | D:8      | Noticed Erica
 10713 | D:7      | Killed Erica
 10713 | D:7      | Reached skill level 8 in Fighting
 10713 | D:7      | Reached skill level 11 in Long Blades
 10713 | D:7      | Reached skill level 6 in Dodging
 10713 | D:7      | Reached XP level 10. HP: 65/88 MP: 10/10
 11136 | D:8      | Reached skill level 3 in Stealth
 11356 | D:8      | Noticed Joseph
 11357 | D:8      | OgrelordShrek: Fighting myself
 11360 | D:8      | OgrelordShrek: Sombrero?
 11360 | D:8      | OgrelordShrek: You mean pimp hat
 11373 | D:8      | HP: 27/89 [orc warrior/short sword (14)]
 11592 | D:8      | HP: 36/90 [Joseph/uncursed quarterstaff of draining (3)]
 11593 | D:8      | Killed Joseph
 11713 | D:8      | OgrelordShrek: Top ten anime betrayals
 12173 | D:8      | Found a staircase to the Lair.
 12291 | D:8      | OgrelordShrek: Do I wanna go here yet?
 12293 | Lair:1   | Entered Level 1 of the Lair of Beasts
 12294 | Lair:1   | Noticed a spiny frog
 12301 | Lair:1   | HP: 34/90 [komodo dragon (27)]
 12512 | D:8      | OgrelordShrek: So I just wanna constantly abuse my breath?
 12547 | Lair:1   | Killed a spiny frog
 12632 | Lair:1   | Reached skill level 12 in Long Blades
 12680 | Lair:1   | Noticed Grum
 12882 | Lair:1   | Noticed a spiny frog
 12885 | Lair:1   | Killed Grum
 12888 | Lair:1   | HP: 32/90 [yak (16)]
 12893 | Lair:1   | HP: 12/90 [spiny frog (12)]
 12908 | Lair:2   | Reached skill level 9 in Fighting
 12919 | Lair:1   | Reached XP level 11. HP: 48/97 MP: 11/11
 12934 | Lair:1   | Noticed Fannar
 13256 | Lair:1   | Noticed an oklob plant
 13270 | Lair:1   | HP: 36/97 [Fannar/quarterstaff of freezing (4)]
 13274 | Lair:1   | Killed Fannar
 13274 | Lair:1   | Reached skill level 13 in Long Blades
 13274 | Lair:1   | Reached skill level 4 in Stealth
 13726 | Lair:1   | Found a snail-covered altar of Cheibriados.
 14065 | Lair:1   | HP: 30/97 [komodo dragon (17)]
 14629 | Lair:2   | Reached skill level 7 in Dodging
 14697 | Lair:2   | Noticed a seven-headed hydra
 14707 | Lair:2   | HP: 51/145 [six-headed hydra (10)]
 14710 | Lair:2   | Killed a four-headed hydra
 16423 | Lair:2   | Laraso: ??poison resistance
 16425 | Lair:2   | beem: poison resistance[1/2]: Reduces poison direct damage
                  | (e.g. venom bolt) by 66%, prevents poisoning and curare 66%
                  | of the time, usually downgrades wasp/hornet effect from
                  | para to slow to nothing. Also lets you walk safely through
                  | poison / meph clouds.
 16523 | Lair:3   | Laraso: ??poison resistance[2
 16523 | Lair:3   | beem: poison resistance[2/2]: In 0.14 protected against
                  | being poisoned 90%, curare 80%, poison direct damage only
                  | 50% and half of 'strong poison melee' like redbacks pierced
                  | it. It also completely negated red/yellow wasp status
                  | effects.
 16539 | Lair:3   | Reached skill level 10 in Fighting
 16861 | Lair:3   | OgrelordShrek: I will find you
 16861 | Lair:3   | OgrelordShrek: And I will make you not Anonyamous
 16862 | Lair:3   | Gained mutation: You occasionally shout uncontrollably at
                  | your foes. [potion of mutation]
 16862 | Lair:3   | Gained mutation: Your spells are a little harder to cast,
                  | but a little more powerful. [potion of mutation]
 16908 | Lair:3   | Noticed an oklob plant
 16908 | Lair:3   | Noticed an oklob plant
 16941 | Lair:3   | Noticed a seven-headed hydra
 16948 | Lair:3   | Killed a four-headed hydra
 16950 | Lair:3   | Reached skill level 5 in Stealth
 17342 | Lair:3   | Reached skill level 14 in Long Blades
 17350 | Lair:3   | Reached XP level 12. HP: 79/106 MP: 12/12
 18234 | Lair:3   | Lost mutation: Your spells are a little harder to cast, but
                  | a little more powerful. [potion of mutation]
 18234 | Lair:3   | Lost mutation: You occasionally shout uncontrollably at
                  | your foes. [potion of mutation]
 18234 | Lair:3   | Gained mutation: Your tail ends in a poisonous barb.
                  | [potion of mutation]
 18234 | Lair:3   | Gained mutation: You tend to lose your temper in combat.
                  | [potion of mutation]
 18234 | Lair:3   | Gained mutation: You have a pair of small horns on your
                  | head. [potion of mutation]
 18556 | Lair:3   | OgrelordShrek: That physically hurts that I can't pick it
                  | up
 18556 | Lair:3   | OgrelordShrek: *wear it
 18657 | Lair:4   | HP: 38/107 [basilisk (7)]
 18755 | Lair:4   | HP: 40/108 [yak (12)]
 18775 | Lair:4   | HP: 35/108 [yak (11)]
 18776 | Lair:4   | Reached skill level 8 in Dodging
 19035 | Lair:4   | Found a frozen archway.
 19046 | Lair:4   | HP: 57/162 [ice devil (10)]
 19240 | Lair:4   | OgrelordShrek: Fuuuuuuuck
 19268 | Lair:4   | Reached skill level 15 in Long Blades
 19269 | Lair:4   | OgrelordShrek: What do you mean
 19269 | Lair:4   | OgrelordShrek: I thought I was playing a twin stick shooter
 19636 | Lair:4   | Noticed a four-headed hydra
 19645 | Lair:4   | Killed a one-headed hydra
 19645 | Lair:4   | Reached skill level 11 in Fighting
 19678 | Lair:4   | OgrelordShrek: Does the rage mutation go through the
                  | berserk cooldown?
 20101 | Lair:4   | Found a hole to the Spider Nest.
 20201 | Lair:4   | OgrelordShrek: You also can't have ogres be good apparently
 20447 | Lair:4   | Found a staircase to the Shoals.
 20464 | Lair:4   | HP: 32/110 [snapping turtle (21)]
 20466 | Lair:4   | Reached skill level 6 in Stealth
 20990 | Lair:4   | Noticed a four-headed hydra
 20998 | Lair:4   | Killed a one-headed hydra
 21441 | Lair:4   | OgrelordShrek: Why does Stanly keep on joining and leaving
                  | the call?
 21447 | Lair:4   | OgrelordShrek: More lair or other areas?
 21680 | Lair:5   | Found a shadowy altar of Dithmenos.
 22014 | Lair:6   | Entered Level 6 of the Lair of Beasts
 22299 | Lair:5   | Found a staircase to the Slime Pits.
 22380 | Lair:5   | Noticed Snorg
 22380 | Lair:5   | OgrelordShrek: Snorg
 22495 | Lair:5   | Killed Snorg
 22731 | Lair:6   | Reached XP level 13. HP: 113/116 MP: 13/13
 23536 | Lair:6   | OgrelordShrek: Can I fight that?
 23563 | Lair:6   | Reached skill level 16 in Long Blades
 23606 | Lair:6   | Reached skill level 12 in Fighting
 23619 | Lair:6   | Reached skill level 9 in Dodging
 24505 | Lair:6   | OgrelordShrek: Laraso
 24505 | Lair:6   | OgrelordShrek: I already know what happens when you get
                  | banished
 24505 | Lair:6   | OgrelordShrek: Remember
 25444 | Lair:6   | Found a burning altar of Makhleb.
 25464 | Lair:6   | HP: 63/178 [sixfirhy (12)]
 25469 | Lair:6   | HP: 33/119 [poisoned by an orange demon]
 25471 | Lair:6   | HP: 15/119 [red devil/demon trident of freezing (5)]
 25472 | Lair:6   | HP: 6/119 [red devil/demon trident of freezing (9)]
 25564 | Lair:6   | HP: 40/119 [hell hound (4)]
 25567 | Lair:6   | HP: 14/119 [hell hound (7)]
 26028 | Lair:6   | OgrelordShrek: Okay I think that's it for now
 26028 | Lair:6   | OgrelordShrek: Okay fine
 26160 | Lair:6   | HP: 46/119 [red devil/demon trident of freezing (11)]
 26162 | Lair:6   | OgrelordShrek: What now
 26165 | Lair:6   | HP: 24/119 [hellwing (3)]
 26609 | Lair:6   | Found a gateway to Hell.
 26872 | Lair:6   | OgrelordShrek: Okay
 26872 | Lair:6   | OgrelordShrek: Now that this is explored
 26872 | Lair:6   | OgrelordShrek: I think I'll call it a day
 26872 | Lair:6   | OgrelordShrek: Uh huh
 26872 | Lair:6   | Upgraded the game from 0.21-a0-442-g848f44b to
                  | 0.21-a0-444-g29a2fec
 27801 | Lair:6   | HP: 47/119 [acid (5)]
 27803 | Lair:6   | HP: 17/119 [acid (15)]
 27805 | Lair:6   | HP: 8/119 [orange demon (5)]
 27806 | Lair:6   | Splashed by an oklob plant's acid

Levels and vault maps discovered:
D:1:      mrwooster_arrival_statue_2
D:2:      first_bread, uniq_natasha
D:4:      lemuel_upstairs_altar, tgw_sif, serial_shops, shop
D:6:      enter_ossuary_5
D:7:      minmay_temple_entry_glass, grunt_ogre_cave, uniq_pikel
D:8:      grunt_lair_entry_orc_guard_hut, lemuel_hellish_altar, uniq_joseph,
          uniq_erica
Lair:1:   lemuel_oklob_altar, uniq_grum, uniq_fannar
Lair:3:   st_stairs_11, serial_bayou_shore_b, minmay_lair_oklob_chamber,
          infiniplex_staircase_pool
Lair:4:   minmay_shoals_entry_hut, spider_nest_entry_web_field,
          portal_ice_cave_demonic_guard, serial_bayou_shore_a,
          grunt_megastairs_3
Lair:5:   minmay_slime_entry_oklob_enclosed, basic_altar, serial_bayou_ford_a,
          ldierk_geyser, serial_bayou_pond_a, uniq_snorg
Lair:6:   evil_forest

Skill      XL: |  1  2  3  4  5  6  7  8  9 10 11 12 13 |
---------------+----------------------------------------+-----
Dodging        | 3 4 5 6 7 8 9 |  9.5
Fighting       | 4 5 6 8 9 10 11 12 | 12.6
Long Blades    | 4 5 6 8 11 12 14 15 16 | 16.7
Shields        | 1 2 3 |  3.8
Stealth        | 1 2 3 5 6 |  6.5
Evocations     | |  0.7

Action                   |  1- 3 |  4- 6 |  7- 9 | 10-12 | 13-15 || total
-------------------------+-------+-------+-------+-------+-------++-------
Melee: Falchion          |   113 |   214 |    89 |       |       ||   416
       Tailslap          |    17 |    38 |    56 |   102 |    47 ||   260
       Great sword       |       |       |   269 |   457 |   229 ||   955
       Scimitar          |       |       |       |    19 |    20 ||    39
       Headbutt          |       |       |       |    44 |    65 ||   109
Invok: Trog's Hand       |     2 |     5 |     2 |     6 |     1 ||    16
       Berserk           |       |       |     1 |       |       ||     1
       Brothers in Arms  |       |       |     2 |     4 |       ||     6
       No ability        |       |       |       |     3 |     1 ||     4
 Abil: Breathe Noxious F |       |       |    14 |    32 |     7 ||    53
Evoke: Wand              |       |       |     5 |     2 |       ||     7
  Use: Scroll            |     4 |     5 |     7 |    12 |     3 ||    31
       Potion            |     2 |       |     2 |     6 |     1 ||    11
 Stab: Sleeping          |       |     1 |     1 |     2 |     1 ||     5
       Confused          |       |       |     2 |    15 |     1 ||    18
       Invisible         |       |       |       |     5 |       ||     5
       Distracted        |       |       |       |       |     3 ||     3
  Eat: Chunk             |     4 |     1 |     4 |    17 |     1 ||    27
       Buggy ration      |       |     4 |       |     5 |     2 ||    11
       Buggy fruit       |       |       |     8 |     1 |       ||     9
       Ration            |       |       |     2 |     3 |     1 ||     6
       Buggy jelly       |       |       |       |     1 |       ||     1
Armor: Skin              |    47 |    93 |   102 |    81 |    64 ||   387
Dodge: Dodged            |   114 |    93 |   249 |   303 |   142 ||   901
Block: Large shield      |    11 |   174 |    88 |       |       ||   273
       Other             |       |       |    24 |    70 |    30 ||   124
       Rpst.: Falchion   |    31 |    25 |     5 |       |       ||    61
       Great sword       |       |       |    65 |    93 |    24 ||   182
       Scimitar          |       |       |       |     1 |     1 ||     2

Table legend:
 A = Non-vault XP
 B = Vault XP
 C = Vault XP percentage of total XP
 D = Non-vault monster count
 E = Vault monster count
 F = Vault count percentage of total count
                 A         B        C        D         E       F
            +---------+---------+-------+---------+---------+-------
      Total |   59067 |       0 |   0.0 |     408 |       0 |   0.0
            +---------+---------+-------+---------+---------+-------
        D:1 |      41 |       0 |   0.0 |      23 |       0 |   0.0
        D:2 |     167 |       0 |   0.0 |      35 |       0 |   0.0
        D:3 |     147 |       0 |   0.0 |      21 |       0 |   0.0
        D:4 |     636 |       0 |   0.0 |      29 |       0 |   0.0
        D:5 |     428 |       0 |   0.0 |      14 |       0 |   0.0
        D:6 |    1256 |       0 |   0.0 |      33 |       0 |   0.0
        D:7 |    3651 |       0 |   0.0 |      38 |       0 |   0.0
        D:8 |    2673 |       0 |   0.0 |      37 |       0 |   0.0
     Lair:1 |    5751 |       0 |   0.0 |      22 |       0 |   0.0
     Lair:2 |    2892 |       0 |   0.0 |       9 |       0 |   0.0
     Lair:3 |    9166 |       0 |   0.0 |      30 |       0 |   0.0
     Lair:4 |    7123 |       0 |   0.0 |      25 |       0 |   0.0
     Lair:5 |    3247 |       0 |   0.0 |      10 |       0 |   0.0
     Lair:6 |   21767 |       0 |   0.0 |      66 |       0 |   0.0
    Ossuary |     122 |       0 |   0.0 |      16 |       0 |   0.0
            +---------+---------+-------+---------+---------+-------

Table legend:
 A = Kills in this place as a percentage of kills in entire the game.
 B = Kills by you in this place as a percentage of kills by you in the entire game.
 C = Kills by friends in this place as a percentage of kills by friends in the entire game.
 D = Other kills in this place as a percentage of other kills in the entire game.
 E = Experience gained in this place as a percentage of experience gained in the entire game.
 F = Experience gained in this place divided by the number of levels of this place that you have seen.
                   A       B       C       D       E      F
               +-------+-------+-------+-------+-------+----------------------
         Total | 100.0 | 100.0 | 100.0 | 100.0 | 100.0 | 3937.8
       Dungeon |  56.4 |  56.3 |  30.0 |  88.9 |  15.2 | 1124.9
          Lair |  39.7 |  39.6 |  70.0 |  11.1 |  84.6 | 8324.3
       Ossuary |   3.9 |   4.1 |   0.0 |   0.0 |   0.2 | 122.0
               +-------+-------+-------+-------+-------+----------------------

Table legend:
 A = Turns spent in this place as a percentage of turns spent in the entire game.
 B = Non-inter-level travel turns spent in this place as a percentage of non-inter-level travel turns spent in the entire game.
 C = Inter-level travel turns spent in this place as a percentage of turns spent in this place.
 D = Turns resting spent in this place as a percentage of non-inter-level travel turns spent in this place.
 E = Turns spent auto-exploring this place as a percentage of non-inter-level travel turns spent in this place.
 F = Non-inter-level travel turns spent in this place divided by the number of levels of this place that you've seen.
                   A       B       C       D       E      F
               +-------+-------+-------+-------+-------+----------------------
         Total | 100.0 | 100.0 |   0.3 |  46.0 |  26.8 | 1847.7
       Dungeon |  43.8 |  43.8 |   0.2 |  44.3 |  25.8 | 1517.9
          Lair |  53.7 |  53.7 |   0.4 |  46.0 |  28.6 | 2480.3
       Ossuary |   2.5 |   2.5 |   0.0 |  76.8 |   6.9 | 691.0
               +-------+-------+-------+-------+-------+----------------------

Levels and vault maps discovered:
D:1:      mrwooster_arrival_statue_2
D:2:      first_bread, uniq_natasha
D:4:      lemuel_upstairs_altar, tgw_sif, serial_shops, shop
D:6:      enter_ossuary_5
D:7:      minmay_temple_entry_glass, grunt_ogre_cave, uniq_pikel
D:8:      grunt_lair_entry_orc_guard_hut, lemuel_hellish_altar, uniq_joseph,
          uniq_erica
Lair:1:   lemuel_oklob_altar, uniq_grum, uniq_fannar
Lair:3:   st_stairs_11, serial_bayou_shore_b, minmay_lair_oklob_chamber,
          infiniplex_staircase_pool
Lair:4:   minmay_shoals_entry_hut, spider_nest_entry_web_field,
          portal_ice_cave_demonic_guard, serial_bayou_shore_a,
          grunt_megastairs_3
Lair:5:   minmay_slime_entry_oklob_enclosed, basic_altar, serial_bayou_ford_a,
          ldierk_geyser, serial_bayou_pond_a, uniq_snorg
Lair:6:   evil_forest
